 Dungeon Crawl Stone Soup version 0.26-b1-32-g5d43845318 (webtiles) character file.

Game seed: 15666809142017455640

5902 Borgoz the Basher (level 10, -1/63 HPs)
             Began as a Gargoyle Gladiator on Jan 10, 2021.
             Killed from afar by Erica (18 damage)
             ... with a lance of force
             ... on level 9 of the Dungeon.
             The game lasted 00:17:22 (11688 turns).

Borgoz the Basher (Gargoyle Gladiator)             Turns: 11688, Time: 00:17:22

Health: -1/63      AC: 25    Str: 18    XL:     10   Next: 82%
Magic:  10/10      EV: 16    Int:  9    God:
Gold:   422        SH:  3    Dex: 14    Spells: 9/9 levels left

rFire    . . .     SeeInvis .   (no weapon)
rCold    . . .     Faith    .   a - +0 buckler
rNeg     + . .     Spirit   .   c - +0 steam dragon scales
rPois    ∞         Reflect  .   r - +2 hat
rElec    +         Harm     .   t - +2 cloak {Stlth+}
rCorr    .         Rampage  .   (no gloves)
Will     +....                  h - +1 pair of boots
Stlth    +.........             (no amulet)
HPRegen  0.20/turn              x - ring of willpower
MPRegen  0.12/turn              e - +4 ring of protection

@: no status effects
A: negative energy resistance 1, electricity resistance, unbreathing,
petrification resistance, miasma immunity, AC +7
a: no special abilities


You were on level 9 of the Dungeon.
You visited 2 branches of the dungeon, and saw 10 of its levels.
You also visited: Sewer.

You collected 526 gold pieces.
You spent 104 gold pieces at shops.

Inventory:

Hand Weapons
 k - a +2 dire flail
Armour
 a - a +0 buckler (worn)
 c - +0 steam dragon scales (worn)
 h - a +1 pair of boots (worn)
 r - a +2 hat (worn)
 t - a +2 cloak of stealth (worn)
Jewellery
 e - a +4 ring of protection (right hand)
 o - the ring of Hesem {rElec rF+++ Str-4 Int+2 Stlth-}
   (You found it on level 9 of the Dungeon)

   [ring of attention]

   It affects your strength (-4).
   It affects your intelligence (+2).
   It renders you almost immune to fire.
   It insulates you from electricity.
   It makes you less stealthy.
 x - a ring of willpower (left hand)
Wands
 l - a wand of flame (9)
Scrolls
 d - 3 scrolls of remove curse
 g - a scroll of enchant weapon
 i - 8 scrolls of teleportation
 j - 4 scrolls of blinking
 n - 3 scrolls of magic mapping
 q - a scroll of fog
Potions
 b - a potion of curing
 f - a potion of resistance
 m - 2 potions of heal wounds
 p - a potion of haste
 s - 2 potions of brilliance
 u - 3 potions of flight
 v - a potion of cancellation {unknown}
 w - 2 potions of magic


   Skills:
 + Level 7.4 Fighting
 * Level 9.7 Maces & Flails
 - Level 1.7 Throwing
 + Level 6.9 Armour
 * Level 8.2 Dodging


You had 9 spell levels left.
You didn't know any spells.
Your spell library contained the following spells:

 Spells                   Type           Power        Failure   Level
 Animate Skeleton         Necr           0%           56%         1
 Pain                     Necr           0%           56%         1
 Shock                    Conj/Air       0%           56%         1
 Corpse Rot               Necr/Air       N/A          71%         2
 Poisonous Vapours        Pois/Air       0%           71%         2
 Summon Lightning Spire   Summ/Air       0%           100%        4
 Death Channel            Necr           0%           100%        6


Dungeon Overview and Level Annotations

Branches:
Dungeon (9/15)             Temple (1/1) D:4           Sewer (visited)
   Lair: D:8-11         Orc: D:9-12

Altars:
Ashenzari
Cheibriados
Dithmenos
Elyvilon
Fedhas
Gozag
Hepliaklqana
Kikubaaqudgha
Makhleb
Nemelex Xobeh
Okawaru
Qazlal
Ru
Trog
Uskayaw
Vehumet
Wu Jian
Xom
Yredelemnul
Zin
The Shining One

Shops:
D:4 ?([   D:6 [(   D:7 *

Annotations:
D:9 3 runed translucent doors, Erica; Maurice; p0werm0de's ghost, novice MiFi


Innate Abilities, Weirdness & Mutations

You are resistant to torment.
Your stone body is resilient. (AC +7)
You are immune to poison.
You resist negative energy. (rN+)
You are resistant to electric shocks. (rElec)
You can survive without breathing.
You are immune to petrification.
You are immune to miasma.


Message History

You hit Erica.
Erica is severely wounded.
You block Erica's attack.
You hit Erica.
Erica is severely wounded.
You block Erica's attack.
You closely miss Erica.
Erica is severely wounded.
Erica closely misses you.
You closely miss Erica.
Erica is severely wounded.
Erica hits you with a +0 scimitar of flaming.
* * * LOW HITPOINT WARNING * * *
Erica burns you.
* * * LOW HITPOINT WARNING * * *
You closely miss Erica.
Erica is severely wounded.
Erica casts a spell at you. The lance of force hits you!!
You die...

#............
#.......#####
##..##### #..#
##..#########
######............
#.................
#..........#######
#@########.# #@#
#.# #.# #.#######
#.# #........ #.#
#........ ###
#########


You could see Erica.

Vanquished Creatures
  A two-headed ogre (D:9)
  Joseph (D:7)
  Maggie (D:9)
  A wyvern (D:8)
  Eustachio (D:4)
  Menkaure (D:7)
  A water moccasin (D:7)
  A sky beast (D:4)
  A black bear (D:9)
  4 ice beasts
  2 orc warriors
  2 ogres
  6 phantoms
  2 centaurs
  3 bullfrogs
  A wyvern skeleton (D:9)
  5 scorpions
  3 killer bees (D:7)
  18 wights
  2 howler monkeys (D:9)
  2 centaur zombies
  A jelly (D:6)
  3 orc priests
  2 bullfrog skeletons
  4 hounds
  6 worker ants
  4 orc wizards
  2 iguanas
  A killer bee zombie (D:7)
  4 hound zombies
  A howler monkey zombie (D:4)
  Robin (D:3)
  A worker ant zombie (D:5)
  3 gnolls
  A howler monkey skeleton (D:5)
  7 adders
  2 shadow imps
  6 white imps
  2 oozes (D:1)
  2 adder skeletons
  6 worms
  4 leopard geckos
  24 orcs
  7 giant cockroaches
  17 goblins
  7 hobgoblins
  6 jackals
  5 quokkas
  9 ball pythons
  7 bats
  7 frilled lizards
  9 kobolds
  A leopard gecko skeleton (D:5)
  A leopard gecko zombie (D:5)
  A quokka skeleton (D:7)
  23 rats
246 creatures vanquished.

Vanquished Creatures (others)
  2 plants (D:9)
2 creatures vanquished.

Grand Total: 248 creatures vanquished

Notes
Turn   | Place    | Note
-------+----------+-------------------------------------------
     0 | D:1      | Borgoz the Gargoyle Gladiator began the quest for the Orb.
     0 | D:1      | Reached XP level 1. HP: 12/12 MP: 1/1
   407 | D:1      | Reached XP level 2. HP: 18/18 MP: 2/2
   640 | D:1      | Reached skill level 1 in Armour
   640 | D:1      | Reached XP level 3. HP: 22/22 MP: 3/3
  1399 | D:2      | Reached XP level 4. HP: 2/27 MP: 4/4
  1759 | D:2      | Found a snail-covered altar of Cheibriados.
  2463 | D:2      | Noticed a +0 hand axe
  2464 | D:2      | Found a hide-covered altar of Uskayaw.
  2465 | D:2      | Noticed a +0 hand axe
  2701 | D:3      | Noticed Robin
  2996 | D:3      | Reached skill level 4 in Maces & Flails
  2996 | D:3      | Reached XP level 5. HP: 32/32 MP: 5/5
  2999 | D:3      | Killed Robin
  3037 | D:3      | Found a faded altar of an unknown god.
  3763 | D:4      | Found a glowing drain.
  3838 | Sewer    | Entered a sewer
  4268 | D:4      | Noticed Eustachio
  4548 | D:4      | Noticed a centaur
  4870 | D:4      | Reached XP level 6. HP: 36/37 MP: 6/6
  4875 | D:4      | Found Bokhin's Antique Weapon Emporium.
  5018 | D:4      | Found Pimihit's Armour Shop.
  5056 | D:4      | Found Utew's Magic Scroll Boutique.
  5063 | D:4      | Noticed a phantom
  5078 | D:4      | Killed a phantom
  5082 | D:4      | Bought a scroll of identify for 26 gold pieces
  5082 | D:4      | Bought a scroll of identify for 26 gold pieces
  5082 | D:4      | Bought a scroll of identify for 26 gold pieces
  5082 | D:4      | Bought a scroll of identify for 26 gold pieces
  5159 | D:4      | Found a staircase to the Ecumenical Temple.
  5197 | D:4      | Found a radiant altar of Vehumet.
  5237 | Temple   | Entered the Ecumenical Temple
  5540 | D:4      | Killed Eustachio
  5541 | D:4      | Reached skill level 5 in Maces & Flails
  5541 | D:4      | Reached XP level 7. HP: 40/42 MP: 7/7
  5586 | D:5      | Entered Level 5 of the Dungeon
  5999 | D:5      | Reached skill level 5 in Dodging
  5999 | D:5      | Reached XP level 8. HP: 37/48 MP: 8/8
  6020 | D:5      | Reached skill level 6 in Maces & Flails
  6280 | D:5      | Found a bloodstained altar of Trog.
  6694 | D:6      | Found a sacrificial altar of Ru.
  6694 | D:6      | Found a white marble altar of Elyvilon.
  6699 | D:6      | Found a faded altar of an unknown god.
  6701 | D:6      | Found a hazy altar of Hepliaklqana.
  6703 | D:6      | Found a glowing silver altar of Zin.
  7161 | D:6      | Found Uqytt's Weapon Emporium.
  7191 | D:6      | Reached skill level 5 in Fighting
  7701 | D:6      | Found Aleokaim's Antique Armour Boutique.
  8001 | D:7      | Noticed Menkaure
  8010 | D:7      | Killed Menkaure
  8011 | D:7      | Reached skill level 7 in Maces & Flails
  8011 | D:7      | Reached XP level 9. HP: 43/54 MP: 9/9
  8403 | D:7      | Reached skill level 5 in Armour
  8745 | D:7      | Noticed Joseph
  8763 | D:7      | Killed Joseph
  8764 | D:7      | Reached skill level 8 in Maces & Flails
  9184 | D:7      | Found Huhe Wafoa's Assorted Antiques.
  9352 | D:7      | Found an opulent altar of Gozag.
  9352 | D:7      | Found a sparkling altar of Nemelex Xobeh.
  9497 | D:7      | Identified the Disquisition on the Dark Birds
  9870 | D:8      | Reached XP level 10. HP: 52/61 MP: 10/10
 10501 | D:9      | Found a runed translucent gate.
 10502 | D:9      | Found a runed translucent gate.
 10503 | D:9      | Found a runed translucent gate.
 10563 | D:9      | Reached skill level 9 in Maces & Flails
 10600 | D:9      | Noticed p0werm0de's ghost (novice MiFi)
 10600 | D:9      | Noticed a ten-headed hydra
 10608 | D:9      | Noticed a nine-headed hydra
 10816 | D:9      | Noticed Maggie
 10846 | D:9      | Killed Maggie
 11029 | D:9      | Noticed a two-headed ogre
 11044 | D:9      | Killed a two-headed ogre
 11270 | D:9      | Got a heavily runed lapis lazuli ring
 11272 | D:9      | Identified the ring of Hesem {rElec rF+++ Str-4 Int+2
                  | Stlth-} (You found it on level 9 of the Dungeon)
 11446 | D:9      | Found a shadowy altar of Dithmenos.
 11446 | D:9      | Found a shimmering altar of Xom.
 11447 | D:9      | Found a burning altar of Makhleb.
 11549 | D:9      | Noticed Maurice
 11654 | D:9      | Noticed Erica
 11688 | D:9      | Killed from afar by Erica

Illustrated notes

Levels and vault maps discovered:
D:1:      zelgadis_glass_arrival_small, layout_loops_ring, minmay_pentomino_o2
D:2:      layout_loops_corners, cheibriados_altar_1, dancing_weapons_uskayaw,
          kennysheep_crisscross
D:3:      layout_loops_ring, chequers_ecumenical_altar_twisty, minmay_rat_hole,
          uniq_robin
D:4:      layout_loops_ring, general_overflow_altar, lemuel_temple_firewalk_a,
          serial_shops, nicolae_shop_trees, shop, shop,
          cheibrodos_sewer_entry_drain, minivault_27, uniq_eustachio
D:5:      layout_rooms, trog_book
D:6:      layout_loops_ring, chequers_temple_overflow_minitemple, serial_shops,
          kennysheep_mini, shop_fountains
D:7:      layout_gridville, grunt_temple_overflow_opulence, serial_shops,
          nicolae_shop_behind_doors, uniq_joseph, uniq_menkaure
D:8:      layout_gridville, kennysheep_pointless_box, kennysheep_small_square
D:9:      layout_small_grid, lemuel_blue_sif_altar,
          gammafunk_temple_overflow_claw, gammafunk_ghost_hydra_chop,
          uniq_erica, uniq_maurice, uniq_maggie
Temple:   dpeg_three_leaves_temple

Skill      XL: |  1  2  3  4  5  6  7  8  9 10 |
---------------+-------------------------------+-----
Armour         | 1 2 3 4 5 6 |  6.9
Dodging        | 3 4 5 7 8 |  8.2
Maces & Flails | 4 5 7 8 9 |  9.7
Fighting       | 3 4 5 6 7 |  7.4
Throwing       | |  1.7

Action                   |  1- 3 |  4- 6 |  7- 9 | 10-12 || total
-------------------------+-------+-------+-------+-------++-------
Melee: Flail             |    90 |   501 |   292 |       ||   883
       Morningstar       |       |       |   281 |   267 ||   548
       Unarmed           |       |       |       |    30 ||    30
Throw: Throwing net      |     1 |       |     3 |       ||     4
  Use: Potion            |     1 |     4 |    11 |     2 ||    18
       Scroll            |       |    12 |    10 |     2 ||    24
Armor: Leather armour    |    37 |   380 |   318 |   109 ||   844
       Skin              |     1 |     1 |       |       ||     2
       Steam dragon scal |       |       |       |    34 ||    34
Dodge: Dodged            |    79 |   569 |   483 |   303 ||  1434
Block: Buckler           |       |       |    34 |    63 ||    97
